 Dungeon Crawl Stone Soup version 0.20.1-1-g8b1a95d (webtiles) character file.

77 slep the Chucker (level 4, -4/34 HPs)
             Began as a Formicid Hunter on Oct 29, 2017.
             Was a Follower of Okawaru.
             Killed by divine providence
             ... invoked by an orc priest
              (11 damage)
             ... on level 3 of the Dungeon.
             The game lasted 00:08:46 (1196 turns).

slep the Chucker (Formicid Hunter)                  Turns: 1196, Time: 00:08:47

Health: -4/34      AC:  3    Str: 16    XL:     4   Next: 58%
Magic:  4/4        EV: 16    Int: 11    God:    Okawaru [*.....]
Gold:   46         SH:  0    Dex: 12    Spells: 3/3 levels left

rFire    . . .     SeeInvis +   e - +1 dagger (venom)
rCold    . . .     Gourm    .   (no shield)
rNeg     . . .     Faith    .   b - +0 leather armour
rPois    .         Spirit   .   (helmet unavailable)
rElec    .         Reflect  .   (no cloak)
rCorr    .         Harm     .   (no gloves)
MR       .....                  (no boots)
Stlth    +.........             h - amulet of inaccuracy (curse)
Regen    0.2/turn               i - +4 ring of evasion
MPRegen  0.1/turn               (no ring)

@: no status effects
A: permanent stasis, dig shafts and tunnels, four strong arms, antennae 3
a: Dig, Shaft Self, Heroism, Renounce Religion


You were on level 3 of the Dungeon.
You worshipped Okawaru.
Okawaru was aware of your devotion.
You were not hungry.

You visited 1 branch of the dungeon, and saw 3 of its levels.

You collected 46 gold pieces.

Inventory:

Hand Weapons
 a - a +0 short sword
 e - a +1 dagger of venom (weapon)
Missiles
 c - 5 javelins (quivered)
 d - 2 throwing nets
 w - 4 tomahawks
Armour
 b - a +0 leather armour (worn)
Jewellery
 h - a cursed amulet of inaccuracy (around neck)
 i - a +4 ring of evasion (left hand)
 q - an uncursed ring of fire
Scrolls
 k - 4 scrolls of identify {unknown}
 n - 2 scrolls of teleportation {unknown}
 o - 2 scrolls of magic mapping {unknown}
 p - a scroll of fear {unknown}
 u - a scroll of enchant armour {unknown}
Potions
 g - a potion of flight {unknown}
 j - a potion of curing {unknown}
 s - a potion of berserk rage {unknown}
 t - a potion of haste {unknown}
 v - a potion of agility {unknown}
Comestibles
 f - 2 bread rations
 l - a meat ration
 m - a royal jelly
 r - 4 chunks of flesh


   Skills:
 + Level 2.3 Fighting
 + Level 0.8 Short Blades
 + Level 5.1 Throwing
 + Level 0.9 Armour
 + Level 2.1 Dodging
 + Level 1.5 Stealth


You had 3 spell levels left.
You didn't know any spells.

Dungeon Overview and Level Annotations

Branches:
Dungeon (3/15)

Altars:
Okawaru
Ru
Vehumet


Innate Abilities, Weirdness & Mutations

You cannot be hasted, slowed, berserked, paralysed or teleported.
You can dig through walls and to a lower floor.
Your four strong arms can wield two-handed weapons with a shield.
You have a pair of large antennae on your head. (SInv)


Message History

The ball python is severely wounded.
The ball python closely misses you. The ball python completely misses you.
You miss the ball python.
The ball python is severely wounded.
You kill the ball python!
Okawaru accepts your kill.
You hit the orc priest but do no damage.
The orc priest is poisoned.
You hit the orc priest but do no damage.
The orc priest looks as sick as possible!
The orc priest is lightly wounded.
The orc priest misses you. The orc barely misses you.
The orc completely misses you.
A rat comes into view.
You hit the orc priest but do no damage.
The orc priest looks as sick as possible!
The orc priest is lightly wounded.
The orc priest calls down the wrath of Beogh upon you.
Beogh smites you!
You die...

#. ... #. #.# #.
#.# # #. #.#
#?#.##.## .
....#...##
..r.####.....####..
......oo@..!.......
######o#o....####.#
#.##...## #. #..##
#( #.## #. #.# #.
#.# #. #.# #)#


You could see an orc priest, 3 orcs and a rat.

Vanquished Creatures
  3 adders (D:2)
  An ooze (D:1)
  A worm (D:2)
  A dart slug (D:1)
  5 orcs (D:3)
  2 ball pythons
  2 giant cockroaches
  5 goblins
  3 hobgoblins (D:2)
  4 kobolds
  A quokka (D:2)
  3 bats
  3 frilled lizards
  5 rats
39 creatures vanquished.

Notes
Turn   | Place    | Note
-------+----------+-------------------------------------------
     0 | D:1      | slep the Formicid Hunter began the quest for the Orb.
     0 | D:1      | Reached XP level 1. HP: 16/16 MP: 1/1
   177 | D:1      | Reached XP level 2. HP: 10/22 MP: 2/2
   495 | D:2      | Found a sacrificial altar of Ru.
   511 | D:2      | Reached XP level 3. HP: 19/28 MP: 3/3
   707 | D:2      | Found a radiant altar of Vehumet.
   789 | D:2      | Reached XP level 4. HP: 34/34 MP: 4/4
   805 | D:2      | Found a faded altar of an unknown god.
   846 | D:2      | Became a worshipper of Warmaster Okawaru
   846 | D:2      | Reached * piety under Okawaru
  1016 | D:2      | Reached skill level 5 in Throwing
  1196 | D:3      | Killed from afar by an orc priest

Skill      XL: |  1  2  3  4 |
---------------+-------------+-----
Dodging        | 2 |  2.1
Throwing       | 5 |  5.1
Fighting       | |  2.3
Short Blades   | |  0.8
Armour         | |  0.9
Stealth        | |  1.5

Action                   |  1- 3 |  4- 6 || total
-------------------------+-------+-------++-------
Melee: Dagger            |    73 |    52 ||   125
       Short sword       |     8 |       ||     8
Throw: Javelin           |    19 |       ||    19
       Throwing net      |     1 |       ||     1
  Eat: Chunk             |       |     1 ||     1
Armor: Leather armour    |    12 |     4 ||    16
Dodge: Dodged            |    63 |    44 ||   107
